 Dungeon Crawl Stone Soup version 0.29.0-13-gc9e81de378 (webtiles) character file.

Game seed: 5413606822401257211

788 nickcage the Spear-Bearer (level 7, 0/50 HPs)
             Began as a Merfolk Gladiator on Sept 7, 2022.
             Slain by Dowan
             ... wielding a +2 dagger of venom
              (1 damage)
             ... on level 5 of the Dungeon.
             The game lasted 00:08:20 (3797 turns).

nickcage the Spear-Bearer (Merfolk Gladiator)       Turns: 3797, Time: 00:08:22

Health: 0/50       AC: 15    Str: 14 (16) XL:     7   Next: 87%
Magic:  7/7        EV:  4    Int:  7 (8)  God:
Gold:   185        SH:  4    Dex: 19 (21) Spells: 6/6 levels left

rFire   . . .      SeeInvis .   a - +0 trident
rCold   . . .      Faith    .   C - +0 buckler
rNeg    . . .      Spirit   .   x - +0 plate armour
rPois   .          Reflect  .   c - +0 helmet
rElec   .          Harm     .   (no cloak)
rCorr   .          Rampage  .   (no gloves)
Will    .....                   (no boots)
Stlth   ..........              (no amulet)
HPRegen 0.16/turn               p - +4 ring of protection
MPRegen 0.10/turn               t - +6 ring of dexterity

@: mighty, brilliant, lethally poisoned (0 -> -3), attractive, flying
A: (nimble swimmer 2), mertail
a: no special abilities


You were on level 5 of the Dungeon.
You visited 1 branch of the dungeon, and saw 5 of its levels.

You collected 185 gold pieces.

Inventory:

Hand Weapons
 a - a +0 trident (weapon)
Missiles
 d - 3 throwing nets
 e - 7 javelins (quivered)
 z - 2 poisoned darts
Armour
 b - a +0 leather armour
 c - a +0 helmet (worn)
 j - a +0 chain mail
 x - a +0 plate armour (worn)
 C - a +0 buckler (worn)
Jewellery
 n - an amulet of faith
 p - a +4 ring of protection (left hand)
 t - a +6 ring of dexterity (right hand)
Scrolls
 f - 7 scrolls of identify {unknown}
 g - 3 scrolls of enchant armour {unknown}
 h - 2 scrolls of teleportation {unknown}
 l - a scroll of silence {unknown}
 o - 2 scrolls of amnesia {unknown}
 q - a scroll of immolation {unknown}
 r - a scroll of fog {unknown}
 v - a scroll of brand weapon {unknown}
 y - 4 scrolls of poison {unknown}
Potions
 i - a potion of brilliance
 k - 2 potions of might
 s - a potion of lignification {unknown}
 u - a potion of heal wounds
 w - a potion of attraction
 A - a potion of curing {unknown}
 B - a potion of degeneration


   Skills:
 - Level 2.1 Fighting
 + Level 11.6 Polearms
 - Level 2.0 Throwing
 - Level 4.0 Dodging
 + Level 0.5 Shields


You had 6 spell levels left.
You didn't know any spells.
Your spell library contained the following spells:

 Spells                   Type           Power      Damage    Failure   Level
 Magic Dart               Conj           0%         1d3       100%        1
 Summon Small Mammal      Summ           0%         N/A       100%        1
 Searing Ray              Conj           0%         2d4       100%        2
 Call Canine Familiar     Summ           0%         N/A       100%        3
 Conjure Flame            Conj/Fire      0%         6-21      100%        3
 Gell's Gravitas          Tloc           0%         N/A       100%        3
 Ignite Poison            Fire/Tmut/Pois 0%         N/A       100%        3
 Lesser Beckoning         Tloc           0%         N/A       100%        3
 Summon Guardian Golem    Hex/Summ       0%         N/A       100%        3
 Teleport Other           Tloc           0%         N/A       100%        3
 Fulminant Prism          Conj/Hex       0%         3d6       100%        4
 Sticky Flame             Conj/Fire      0%         2d3       100%        4
 Chain Lightning          Conj/Air       0%         N/A       100%        9
 Fire Storm               Conj/Fire      0%         5d1       100%        9
 Shatter                  Erth           0%         3d5*      100%        9


Dungeon Overview and Level Annotations

Branches:
Dungeon (5/15)
 Temple: D:4-7

Altars:
Ru

Shops:
D:4 [

Annotations:
D:4 1 runed translucent door, Splishie's ghost, novice GnWn
D:5 Dowan


Innate Abilities, Weirdness & Mutations

((You are very nimble when in or above water. (Stealth+, EV+, Speed+++)))
Your lower body shifts to a powerful aquatic tail in water.


Message History

You barely miss Dowan.
Dowan is heavily wounded.
* * * LOW HITPOINT WARNING * * *
You feel sick. Dowan casts a spell at you. The stone arrow misses you.
You closely miss Dowan.
Dowan is heavily wounded.
* * * LOW HITPOINT WARNING * * *
You feel sick.
Dowan hits you with a +2 dagger of venom.
* * * LOW HITPOINT WARNING * * *
You block Dowan's attack.
You completely miss Dowan.
Dowan is heavily wounded.
* * * LOW HITPOINT WARNING * * *
You feel sick.
Dowan says, "How can I live without her?"
Dowan mumbles some strange words.
Dowan blinks!
It was a potion of attraction.
You feel attractive to monsters.
* * * LOW HITPOINT WARNING * * *
You feel sick.
Dowan gestures wildly while chanting.
Dowan blinks!
Dowan is attracted toward you.
It was a potion of degeneration.
There was something very wrong with that liquid.
You feel weakened.
You feel dopey.
You feel clumsy.
* * * LOW HITPOINT WARNING * * *
You feel sick. You block Dowan's attack.
Dowan hits you with a +2 dagger of venom.
* * * LOW HITPOINT WARNING * * *
It was a potion of flight.
You feel very buoyant.
You fly up into the air.
* * * LOW HITPOINT WARNING * * *
You feel sick.
Dowan hits you with a +2 dagger of venom.
You die...

+##'##+##'##'.#
#..#.....#..#.# ##
#..#'###+#..#†#
...#####..#.....#..#.#
#.....'..'.._..+..+.#
####.##..#.....#..#.#
##....##..#+###'#..#.#
.....###..#.§.?)#..#.#
.......+##+ +##@##'.#
###.#.## #..e..###
#...#.# #...§.#
..##(.# +##+###
.#...## .#.### ...##
....# ..#.#


You could see Dowan (fast).

Vanquished Creatures
  Duvessa (D:5)
  A black bear (D:4)
  A phantom (D:5)
  2 scorpions
  A hound (D:5)
  2 orc priests (D:4)
  An iguana (D:4)
  5 orc wizards
  9 adders
  3 worms
  A dart slug (D:4)
  9 orcs
  8 endoplasms
  2 giant cockroaches
  8 goblins
  2 hobgoblins
  2 jackals (D:4)
  A quokka (D:4)
  9 ball pythons
  3 bats
  A frilled lizard (D:1)
  8 kobolds
  7 rats
87 creatures vanquished.

Notes
Turn   | Place    | Note
-------+----------+-------------------------------------------
     0 | D:1      | nickcage the Merfolk Gladiator began the quest for the Orb.
     0 | D:1      | Reached XP level 1. HP: 16/16 MP: 1/1
   133 | D:1      | Reached XP level 2. HP: 17/22 MP: 2/2
   218 | D:1      | Found a faded altar of an unknown god.
   337 | D:1      | Reached skill level 5 in Polearms
   954 | D:2      | Reached XP level 3. HP: 27/27 MP: 3/3
  1613 | D:3      | Reached skill level 6 in Polearms
  1724 | D:3      | Found a faded altar of an unknown god.
  1733 | D:3      | Reached XP level 4. HP: 29/33 MP: 4/4
  1850 | D:3      | Reached skill level 7 in Polearms
  2145 | D:4      | Reached XP level 5. HP: 38/38 MP: 5/5
  2159 | D:4      | Reached skill level 8 in Polearms
  2308 | D:4      | Found Delur's Armour Boutique.
  2322 | D:4      | Reached XP level 6. HP: 37/44 MP: 6/6
  2437 | D:4      | Found a runed translucent door.
  2456 | D:4      | Noticed Splishie's ghost (novice GnWn)
  2571 | D:4      | Noticed a black bear
  2577 | D:4      | Killed a black bear
  2578 | D:4      | Reached skill level 9 in Polearms
  2760 | D:4      | Reached skill level 10 in Polearms
  2766 | D:4      | Reached XP level 7. HP: 8/50 MP: 7/7
  2776 | D:5      | Entered Level 5 of the Dungeon
  3715 | D:5      | Found a sacrificial altar of Ru.
  3745 | D:5      | Reached skill level 11 in Polearms
  3765 | D:5      | Noticed Dowan
  3766 | D:5      | Noticed Duvessa
  3786 | D:5      | Killed Duvessa
  3796 | D:5      | HP: 2/50 [Dowan/+2 dagger of venom (1)]
  3797 | D:5      | Slain by Dowan

Illustrated notes

Levels and vault maps discovered:
D:1:      dpeg_arrival_shrine, layout_basic,
          shapermc_ecumenical_altar_totnotflames, chequers_serial_rivers_micro_c
D:2:      layout_basic
D:3:      layout_basic, nicolae_overflow_ecumenical_swirl
D:4:      layout_loops_ring, ebering_ghost_reflecting_pool, serial_shops,
          shop_statue
D:5:      layout_rooms, mainiacjoe_overflow_24_doors, temple_statues,
          lightli_corner_chamber, uniq_duvessa, uniq_crazy_yiuf_cottage,
          uniq_menkaure

Skill      XL: |  1  2  3  4  5  6  7 |
---------------+----------------------+-----
Polearms       | 5 6 7 8 10 11 | 11.6
Fighting       | |  2.1
Throwing       | |  2.0
Dodging        | |  4.0
Shields        | |  0.5

Action                   |  1- 3 |  4- 6 |  7- 9 || total
-------------------------+-------+-------+-------++-------
Melee: Trident           |   111 |   112 |    83 ||   306
       Punch             |     1 |     1 |       ||     2
Throw: Javelin           |       |     3 |       ||     3
  Use: Potion            |       |       |     6 ||     6
Armor: Leather armour    |     2 |       |       ||     2
       Chain mail        |    25 |       |       ||    25
       Plate armour      |     9 |    47 |    32 ||    88
Dodge: Dodged            |    28 |    12 |    15 ||    55
Block: Buckler           |       |     1 |    16 ||    17
